 Dungeon Crawl Stone Soup version 0.28-a0-407-g69098e2f6d (webtiles) character file.

Game seed: 15638338182202502679

39 mathmaestro the Ruffian (level 3, -4/36 HPs)
             Began as a Troll Monk on Sept 6, 2021.
             Slain by Crazy Yiuf (6 damage)
             ... on level 2 of the Dungeon.
             The game lasted 00:01:26 (903 turns).

mathmaestro the Ruffian (Troll Monk)                 Turns: 903, Time: 00:01:27

Health: -4/36      AC:  4    Str: 20    XL:     3   Next: 28%
Magic:  0/2        EV: 10    Int:  6    God:
Gold:   17         SH:  0    Dex: 12    Spells: 2/2 levels left

rFire   . . .      SeeInvis .     - Unarmed
rCold   . . .      Faith    .   (no shield)
rNeg    . . .      Spirit   .   a - +0 robe
rPois   .          Reflect  .   (helmet restricted)
rElec   .          Harm     .   (no cloak)
rCorr   .          Rampage  .   (gloves unavailable)
Will    .....                   (boots unavailable)
Stlth   ++........              (no amulet)
HPRegen 1.12/turn               (no ring)
MPRegen 0.08/turn               (no ring)

@: attractive
A: large, unfitting armour, claws 3, regeneration 1, shaggy fur 1, tough skin 1
a: no special abilities


You were on level 2 of the Dungeon.
You visited 1 branch of the dungeon, and saw 2 of its levels.

You collected 17 gold pieces.

Inventory:

Hand Weapons
 j - a +0 whip of venom
Missiles
 d - 20 arrows
 f - 14 stones (quivered)
 g - 38 sling bullets
 h - 21 bolts
Armour
 a - a +0 robe (worn)
Scrolls
 c - a scroll of torment {unknown}
 k - a scroll of fog {unknown}
Potions
 e - a potion of lignification {unknown}
 i - a potion of ambrosia {unknown}


   Skills:
 + Level 2.9 Fighting
 + Level 2.8 Dodging
 - Level 1.0 Stealth
 + Level 3.5 Unarmed Combat


You had 2 spell levels left.
You didn't know any spells.
Your spell library was empty.

Dungeon Overview and Level Annotations

Branches:
Dungeon (2/15)

Altars:

Annotations:
D:2 Crazy Yiuf


Innate Abilities, Weirdness & Mutations

You are too large for most types of armour.
You have claws for hands.
Your natural rate of healing is unusually fast.
You are covered in fur. (AC +1)
You have tough skin. (AC +1)


Message History

Done exploring.
(D) Dungeon
Where to? (? - help)
There is a stone staircase leading down here.
You climb downwards.
Found 5 stones.
There is a stone staircase leading up here.
f - 14 stones (gained 5)
k - a scroll labelled CISHELYQOURCH
Found a mace.
Found a runed translucent door.
Crazy Yiuf shouts!
A hobgoblin comes into view.
The hobgoblin shouts!
You scratch the hobgoblin.
You kill the hobgoblin!
No target in view!
No target in view!
No target in view!
No target in view!
No target in view!
No target in view!
No target in view!
No target in view!
No target in view!
No target in view!
You open the door. You barely miss Crazy Yiuf.
Crazy Yiuf hits you with a +4 quarterstaff of chaos!
You are electrocuted!!
Ouch! That really hurt!
* * * LOW HITPOINT WARNING * * *
You barely miss Crazy Yiuf. Crazy Yiuf closely misses you.
You scratch Crazy Yiuf but do no damage.
Crazy Yiuf hits you with a +4 quarterstaff of chaos!
* * * LOW HITPOINT WARNING * * *
You feel your power leaking away.
It was a potion of attraction.
You feel attractive to monsters.
Crazy Yiuf hits you with a +4 quarterstaff of chaos.
You die...

..# ### ..#
#.# ..#
######.# ..#
#......#
#####
..###......#
#)..#
..+........#
#...#
..###....#.#
...
..######.#.#
#g#
........<#.#
♣@♣♣
..#####.##.#
♣♣.♣ ..#
#....# ♣.♣♣
..# ####.#
♣♣.♣ ..# #.#
♣♣.♣♣ ..#
#.# ♣♣...♣
..# #.#
♣....♣ ..
#.# #....#
#.####....#


You could see Crazy Yiuf.

Vanquished Creatures
  A gnoll (D:1)
  A dart slug (D:1)
  3 endoplasms (D:1)
  A goblin (D:1)
  2 hobgoblins
  4 jackals (D:1)
  3 quokkas (D:1)
  A frilled lizard (D:1)
  6 kobolds (D:1)
  3 rats (D:1)
25 creatures vanquished.

Notes
Turn   | Place    | Note
-------+----------+-------------------------------------------
     0 | D:1      | mathmaestro the Troll Monk began the quest for the Orb.
     0 | D:1      | Reached XP level 1. HP: 22/22 MP: 0/0
    72 | D:1      | Reached XP level 2. HP: 18/29 MP: 1/1
   258 | D:1      | Found a faded altar of an unknown god.
   541 | D:1      | Reached XP level 3. HP: 29/36 MP: 2/2
   838 | D:2      | Found a runed translucent door.
   839 | D:2      | Noticed Crazy Yiuf
   902 | D:2      | HP: 1/36 [Crazy Yiuf (7)]
   903 | D:2      | Slain by Crazy Yiuf

Illustrated notes

Levels and vault maps discovered:
D:1:      dpeg_arrival_rooms_with_view, layout_loops_ring,
          ebering_ecumenical_altar_rust
D:2:      layout_basic, hangedman_glass_teeth, uniq_crazy_yiuf_cottage

Action                   || total
-------------------------++-------
Melee: Unarmed           ||    75
  Use: Potion            ||     1
 Stab: Distracted        ||     1
       Sleeping          ||     1
Armor: Robe              ||    22
Dodge: Dodged            ||    35

Table legend: (Time is in decaauts)
 A = Elapsed time spent in this place.
 B = Non-inter-level travel time spent in this place.
 C = Inter-level travel time spent in this place.
 D = Time resting spent in this place.
 E = Time spent auto-exploring this place.
 F = Levels seen in this place.
 G = Mean time per level.
                   A        B        C        D        E       F      G
               +--------+--------+--------+--------+--------+-----+--------+
         Total |    898 |    857 |     41 |    100 |    550 |   2 |  449.0 |
       Dungeon |    898 |    857 |     41 |    100 |    550 |   2 |  449.0 |
               +--------+--------+--------+--------+--------+-----+--------+

Top non-repeatable levels by time:
     D:1: 799 daAuts
     D:2: 98 daAuts
